 Dungeon Crawl Stone Soup version 0.31.0-9-g3a7656b989 (webtiles) character file.

Game seed: 3890279246705338993

63 qw the Shooter (level 3, -3/20 HPs)
             Began as a Deep Elf Hunter on Feb 2, 2024.
             Slain by a ribbon worm (5 damage)
             ... on level 2 of the Dungeon.
             The game lasted 00:00:04 (1101 turns).

qw the Shooter (Deep Elf Hunter)                    Turns: 1101, Time: 00:00:04

Health: -3/20      AC:  3    Str: 10    XL:     3   Next: 89%
Magic:  5/5        EV: 12    Int: 13    God:
Gold:   70         SH:  0    Dex: 18    Spells: 2/2 levels left

rFire   . . .        a - +0 shortbow
rCold   . . .        (shield currently unavailable)
rNeg    . . .        c - +0 leather armour
rPois   .            (no helmet)
rElec   .            (no cloak)
rCorr   .            (no gloves)
SInv    .            (no boots)
Will    .....        (no amulet)
Stlth   ++           (no ring)
HPRegen 0.23/turn    (no ring)
MPRegen 0.09/turn

%: no passive effects
@: no status effects
A: no striking features
a: no special abilities


You were on level 2 of the Dungeon.
You visited 1 branch of the dungeon, and saw 2 of its levels.

You collected 70 gold pieces.


   Skills:
 - Level 1.5 Fighting
 + Level 7.3 Ranged Weapons
 - Level 2.4 Dodging
 - Level 1.2 Stealth


You had 2 spell levels left.
You didn't know any spells.
Your spell library was empty.

Inventory:

Hand Weapons
 a - a +0 shortbow (weapon)
Armour
 c - a +0 leather armour (worn)
Scrolls
 b - 2 scrolls of identify {unknown}
Potions
 d - 2 potions of heal wounds {unknown}
 e - a potion of lignification {unknown}
 g - a potion of degeneration {unknown}

Dungeon Overview and Level Annotations

Branches:
Dungeon (2/15)

Altars:
Zin

Shops:
D:1 =


Message History

You feel sick. The adder closely misses you.
You shoot an arrow. The arrow closely misses the adder.
The arrow hits the ball python.
You kill the ball python!
You feel sick. The adder bites you. x2
You are more poisoned.
The adder poisons you!
You shoot an arrow.
The arrow hits the adder but does no damage.
The adder is heavily wounded.
You feel sick. The adder closely misses you.
You shoot an arrow. The arrow barely misses the adder.
You feel sick. The adder bites you but does no damage.
The adder barely misses you.
You shoot an arrow. The arrow hits the adder!
You kill the adder!
You feel sick.
You shoot an arrow. The arrow hits the endoplasm.
The endoplasm is moderately wounded.
You feel sick. The endoplasm hits you.
You shoot an arrow. The arrow hits the endoplasm.
The endoplasm is heavily wounded.
You feel sick.
You are no longer poisoned.
The endoplasm freezes you.
You are frozen.
You shoot an arrow. The arrow hits the endoplasm!
You kill the endoplasm!
You shoot an arrow. The arrow hits the ribbon worm.
The ribbon worm is moderately wounded.
The ribbon worm expels a string of sticky webbing.
The stream of webbing hits you but does no damage.
You are caught in a web!
You struggle to detach yourself from the web.
The ribbon worm closely misses you.
The web tears apart.
You shoot an arrow. The arrow hits the ribbon worm.
The ribbon worm is moderately wounded.
The ribbon worm bites you.
You die...

##..).....#....#.####.##
#........#.......# #..#
#.........#####..# ##.#
#....##..## ##.# #.##
#....##..# #.####..#
#....##..# #.....#.#
#######..# #.#'#...#
#..# +###)##..#
#@'...#..# #w###.##..#
#(. ###...# #$.$ .#.#
#$?) .# ##(. ###


You could see a ribbon worm.

Vanquished Creatures
  2 adders (D:2)
  2 ribbon worms (D:2)
  5 ball pythons
  5 endoplasms
  4 giant cockroaches (D:1)
  A hobgoblin (D:1)
  2 jackals (D:1)
  5 bats
  2 frilled lizards
  3 goblins (D:1)
  5 kobolds
  5 rats
41 creatures vanquished.

Notes
Turn   | Place    | Note
-------+----------+-------------------------------------------
     0 | D:1      | qw the Deep Elf Hunter began the quest for the Orb.
     0 | D:1      | Reached XP level 1. HP: 12/12 MP: 3/3
     0 | D:1      | 0 ||| qw: Version: 0.3-a-155-g5e7d8dd
     0 | D:1      | 0 ||| qw: Game counter: 2841
     0 | D:1      | 0 ||| qw: Melee chars always use a shield: true
     0 | D:1      | 0 ||| qw: God list: Okawaru
     0 | D:1      | 0 ||| qw: Allow faded altars: false
     0 | D:1      | 0 ||| qw: Do Orc after clearing Dungeon:15 true
     0 | D:1      | 0 ||| qw: Do second Lair branch before Depths: true
     0 | D:1      | 0 ||| qw: Lair rune preference: random
     0 | D:1      | 0 ||| qw: Goals: Normal
     0 | D:1      | 0 ||| PLANNING D:1-11
    92 | D:1      | Reached skill level 6 in Ranged Weapons
    92 | D:1      | Reached XP level 2. HP: 16/16 MP: 4/4
   304 | D:1      | Found Umpir's Jewellery Shoppe.
   312 | D:1      | 312 ||| SHOPLISTING +6 ring of dexterity (396 gold, have
                  | 25).
   312 | D:1      | 312 ||| SHOPLISTING amulet of regeneration (330 gold, have
                  | 25).
   312 | D:1      | 312 ||| SHOPLISTING ring of positive energy (220 gold, have
                  | 25).
   312 | D:1      | 312 ||| SHOPLISTING ring of protection from cold (275 gold,
                  | have 25).
   312 | D:1      | 312 ||| SHOPLISTING ring of see invisible (165 gold, have
                  | 25).
   401 | D:1      | Reached XP level 3. HP: 20/20 MP: 5/5
   404 | D:1      | 404 ||| READING scroll labelled ALAIDGHI ACKOXI.
   505 | D:1      | 505 ||| READING scroll labelled HOSOGU IJ ONGEI.
   506 | D:1      | 506 ||| READING 2 scrolls labelled GUWURE VITZ.
   507 | D:1      | 507 ||| DROPPING scroll of butterflies.
   508 | D:1      | 508 ||| DROPPING scroll of immolation.
   631 | D:2      | Found a glowing silver altar of Zin.
   682 | D:2      | Reached skill level 7 in Ranged Weapons
  1000 | D:2      | HP: 2/20 [ribbon worm (4)]
  1095 | D:2      | HP: 5/20 [poisoned by an adder]
  1096 | D:2      | HP: 1/20 [frozen (3)]
  1101 | D:2      | Slain by a ribbon worm

Levels and vault maps discovered:
D:1:      nzn_arrival_water_spiral, layout_rooms, serial_shops, shop_statue
D:2:      layout_basic, basic_altar, minmay_joined_circles

Skill      XL: |  1  2  3 |
---------------+----------+-----
Ranged Weapons | 6 7 |  7.3
Fighting       | |  1.5
Dodging        | |  2.4
Stealth        | |  1.2

Action                     || total
---------------------------++-------
   Fire: Shortbow          ||   117
    Use: Scroll            ||     3
 Armour: Leather armour    ||    29
  Dodge: Dodged            ||    24

Table legend:
 A = Non-vault XP
 B = Vault XP
 C = Vault XP percentage of total XP
 D = Non-vault monster count
 E = Vault monster count
 F = Vault count percentage of total count
                 A         B        C        D         E       F
            +---------+---------+-------+---------+---------+-------
      Total |      68 |      23 |  25.3 |      35 |       6 |  14.6
            +---------+---------+-------+---------+---------+-------
        D:1 |      42 |       0 |   0.0 |      25 |       0 |   0.0
        D:2 |      26 |      23 |  46.9 |      10 |       6 |  37.5
            +---------+---------+-------+---------+---------+-------
